 Dungeon Crawl Stone Soup version 0.29-a0-529-gfa20dd96a1 (webtiles) character file.

Game seed: 7157086456299675562

676 ultragoat the Poker (level 7, -1/67 HPs)
             Began as a Troll Fighter on June 2, 2022.
             Killed by divine providence
             ... invoked by an orc priest
              (15 damage)
             ... on level 5 of the Dungeon.
             The game lasted 00:11:55 (3116 turns).

ultragoat the Poker (Troll Fighter)                 Turns: 3116, Time: 00:11:56

Health: -1/67      AC:  4    Str: 27    XL:     7   Next: 33%
Magic:  6/6        EV: 13    Int:  1    God:
Gold:   236        SH: 10    Dex: 11    Spells: 6/6 levels left

rFire   + . .      SeeInvis .   j - +4 demon trident "Wariatel" {pain, rF+ rC+ Int-3 Dex+2}
rCold   + . .      Faith    .   b - +2 kite shield
rNeg    . . .      Spirit   .   a - +0 robe
rPois   +          Reflect  .   (helmet restricted)
rElec   .          Harm     .   (no cloak)
rCorr   .          Rampage  .   (gloves unavailable)
Will    .....                   (boots unavailable)
Stlth   +.........              (no amulet)
HPRegen 1.01/turn               k - +4 ring of evasion
MPRegen 0.10/turn               l - ring of poison resistance

@: no status effects
A: large, unfitting armour, claws 3, regeneration 1, shaggy fur 1, tough skin 1
a: no special abilities


You were on level 5 of the Dungeon.
You visited 1 branch of the dungeon, and saw 5 of its levels.

You collected 236 gold pieces.

Inventory:

Hand Weapons
 j - the +4 demon trident "Wariatel" (weapon) {pain, rF+ rC+ Int-3 Dex+2}
   (You acquired it on level 2 of the Dungeon)

   In the hands of one skilled in necromantic magic, it inflicts extra damage on
   living creatures.
   Int:       It affects your intelligence (-3).
   Dex:       It affects your dexterity (+2).
   rF:        It protects you from fire.
   rC:        It protects you from cold.
Missiles
 w - 4 large rocks (quivered)
Armour
 a - a +0 robe (worn)
 b - a +2 kite shield (worn)
Jewellery
 f - a ring of resist corrosion
 k - a +4 ring of evasion (left claw)
 l - a ring of poison resistance (right claw)
 r - a ring of willpower
 s - a +4 ring of evasion
Scrolls
 d - 3 scrolls of teleportation
 h - 2 scrolls of enchant weapon
 m - a scroll of silence
 p - a scroll of poison
Potions
 c - 4 potions of might
 e - 2 potions of lignification
 g - a potion of berserk rage {unknown}
 i - 2 potions of cancellation
 q - 2 potions of haste {unknown}
 x - a potion of curing {unknown}


   Skills:
 * Level 3.1 Fighting
 + Level 5.2 Polearms
 - Level 2.8 Dodging
 + Level 4.0 Shields
 - Level 2.7 Unarmed Combat


You had 6 spell levels left.
You didn't know any spells.
Your spell library contained the following spells:

 Spells                   Type           Power      Damage    Failure   Level
 Sublimation of Blood     Necr           0%         N/A       94%         2
 Wereblood                Tmut           0%         N/A       94%         2
 Summon Ice Beast         Ice/Summ       0%         N/A       100%        4
 Summon Mana Viper        Hex/Summ       0%         N/A       100%        5
 Monstrous Menagerie      Summ           0%         N/A       100%        7
 Summon Hydra             Summ           0%         N/A       100%        7


Dungeon Overview and Level Annotations

Branches:
Dungeon (5/15)
 Temple: D:4-7

Altars:
Cheibriados
Okawaru
Ru
Xom

Shops:
D:4 =


Innate Abilities, Weirdness & Mutations

You are too large for most types of armour.
You have claws for hands.
Your natural rate of healing is unusually fast.
You are covered in fur. (AC +1)
You have tough skin. (AC +1)


Message History

2 orcs come into view.
An orc is wielding a +0 war axe and carrying a wand of iceblast (6).
Found a stone staircase leading down.
The orc shouts!
You hear a shout!
The orc shouts!
You hear a shout!
The orc misses you.
An orc priest comes into view. It is wielding a +0 short sword.
The orc priest invokes the aid of Beogh against you.
Beogh smites you!
You puncture the orc!
You kill the orc!
You hit the orc priest but do no damage.
The orc priest hits you with a +3 whip!
You barely miss the orc priest. You block the orc's attack.
The orc hits you with a +0 mace. The orc priest barely misses you.
Things that are here:
a +0 club; 2 boomerangs You impale the orc priest!!
You kill the orc priest!
An ogre comes into view. It is wielding a +0 giant spiked club.
The orc hits you with a +0 war axe.
The orc priest calls down the wrath of Beogh upon you.
Beogh smites you! You block the orc's attack. The orc closely misses you.
Your Shields skill increases to level 4!
You closely miss the orc.
The ogre shouts!
The orc hits you with a +0 war axe. The orc hits you but does no damage.
Unknown command.
You barely miss the orc. The orc barely misses you. You block the orc's attack.
You hit the orc but do no damage. You block the orc's attack.
The orc priest invokes the aid of Beogh against you.
Beogh smites you!
* * * LOW HITPOINT WARNING * * *
The orc closely misses you.
You puncture the orc!
You kill the orc!
The orc priest invokes the aid of Beogh against you.
Beogh smites you!
You die...

#........##.........(........#
###......##...........>......#
#......##..................#
##......###.......[........##
#.......# ##...........###.#
≈≈≈≈≈≈≈≈≈...# #####...#.###
#.# ≈##≈≈≈##≈#### ###...#.#.#
#.# ######≈# #)..###...# #.#
≈≈# #@### #..## #.# .. #.o)#
....# #.# . #...o. ####.# #.#
#..#O### #.# #†# ...##. #.#
#.# .>.# #. #.. #.# ### .. ##.
#.# .# #.# #.#


You could see an ogre, an orc priest and an orc.

Vanquished Creatures
  A black bear (D:4)
  An ice beast (D:5)
  A scorpion (D:4)
  A necrophage (D:5)
  2 jellies (D:4)
  2 orc priests
  6 gnolls (D:4)
  10 adders
  An ufetubus (D:5)
  A worm (D:2)
  4 dart slugs
  6 orcs
  12 ball pythons
  11 endoplasms
  7 giant cockroaches
  3 goblins
  6 hobgoblins
  An iguana (D:4)
  9 jackals
  7 kobolds
  2 quokkas
  3 bats
  A frilled lizard (D:3)
  4 rats
102 creatures vanquished.

Notes
Turn   | Place    | Note
-------+----------+-------------------------------------------
     0 | D:1      | ultragoat the Troll Fighter began the quest for the Orb.
     0 | D:1      | Reached XP level 1. HP: 22/22 MP: 0/0
   100 | D:1      | Reached XP level 2. HP: 27/29 MP: 1/1
   204 | D:1      | Found a faded altar of an unknown god.
   723 | D:1      | Reached XP level 3. HP: 34/36 MP: 2/2
  1208 | D:2      | Identified the +6 short sword "Orb Guardian's Regret"
                  | {vorpal, Int+3}
  1401 | D:2      | Identified a scroll of acquirement
  1401 | D:2      | Acquired the +4 demon trident "Wariatel" {pain, rF+ rC+
                  | Int-3 Dex+2}
  1772 | D:3      | Found a sacrificial altar of Ru.
  1904 | D:3      | Reached XP level 4. HP: 35/44 MP: 3/3
  1909 | D:3      | Reached skill level 1 in Polearms
  1988 | D:3      | Identified the +3 whip of Iconoclasm {elec, Fragile rN+
                  | Will+++ rCorr}
  2020 | D:3      | Reached skill level 2 in Polearms
  2195 | D:4      | Found Junaunwug's Jewellery Shop.
  2203 | D:4      | Reached XP level 5. HP: 50/50 MP: 4/4
  2300 | D:4      | Reached skill level 3 in Polearms
  2323 | D:4      | Found an iron altar of Okawaru.
  2464 | D:4      | Reached XP level 6. HP: 49/59 MP: 5/5
  2467 | D:4      | Found a shimmering altar of Xom.
  2606 | D:4      | Reached skill level 4 in Polearms
  2613 | D:4      | Found a snail-covered altar of Cheibriados.
  2927 | D:5      | Entered Level 5 of the Dungeon
  2991 | D:5      | Reached XP level 7. HP: 65/66 MP: 6/6
  3015 | D:5      | Reached skill level 5 in Polearms
  3116 | D:5      | Killed from afar by an orc priest

Illustrated notes

Levels and vault maps discovered:
D:1:      wheals_arrival_shading, layout_basic,
          shapermc_ecumenical_altar_pompeii
D:2:      layout_basic, serial_park_tiny_pond, minivault_24
D:3:      layout_rooms, mainiacjoe_overflow_concentric_impassable
D:4:      layout_loops_ring, okawaru_gym_becter, dk_xom_monty_hall,
          general_overflow_altar, serial_shops, shop, kennysheep_generic_room_15
D:5:      layout_rooms, serial_shops, shop, hex_medium, lightli_minifort

Skill      XL: |  1  2  3  4  5  6  7 |
---------------+----------------------+-----
Shields        | 3 4 |  4.0
Polearms       | 2 3 4 5 |  5.2
Fighting       | 3 |  3.1
Dodging        | |  2.8
Unarmed Combat | |  2.7

Action                   |  1- 3 |  4- 6 |  7- 9 || total
-------------------------+-------+-------+-------++-------
Melee: Unarmed           |   108 |       |       ||   108
       Demon trident     |    23 |   113 |    18 ||   154
  Use: Scroll            |     4 |     8 |       ||    12
 Stab: Sleeping          |       |       |     1 ||     1
Armor: Robe              |    61 |    20 |     1 ||    82
Dodge: Dodged            |    69 |    57 |    14 ||   140
Block: Kite shield       |    75 |    49 |    10 ||   134

Table legend: (Time is in decaauts)
 A = Elapsed time spent in this place.
 B = Non-inter-level travel time spent in this place.
 C = Inter-level travel time spent in this place.
 D = Time resting spent in this place.
 E = Time spent auto-exploring this place.
 F = Levels seen in this place.
 G = Mean time per level.
                   A        B        C        D        E       F      G
               +--------+--------+--------+--------+--------+-----+--------+
         Total |   3169 |   3078 |     91 |      0 |   1693 |   5 |  633.8 |
       Dungeon |   3169 |   3078 |     91 |      0 |   1693 |   5 |  633.8 |
               +--------+--------+--------+--------+--------+-----+--------+

Top non-repeatable levels by time:
     D:1: 846 daAuts
     D:2: 811 daAuts
     D:4: 774 daAuts
     D:3: 545 daAuts
     D:5: 193 daAuts
